Map: Neon Violet Square LE

Players

ShoWTimE - Winner!

  • Race: Protoss Protoss
  • Spawn Location: 5:00

Maru

  • Race: Terran Terran
  • Spawn Location: 11:00

Event: WESG 2017 Haikou

VOD

Have the link to the VOD?

Description

Time

  • Played on: March 16, 2018, 6:32 a.m.
  • Length: 12:07

All games in this series

Show
View Real Time Build Order
Export as new Build Order

ShoWTimE Protoss - Winner!

Build Orders: Mass Adepts 

Get SALT Encoding   

  12  0:00  Probe  
  13  0:13  Probe  
  14  0:19  Pylon  
  14  0:25  Probe  
  15  0:37  Probe (Chrono Boost)  
  15  0:38  Gateway  
  16  0:46  Probe (Chrono Boost)  
  16  0:47  Assimilator  
  17  0:51  Probe (Chrono Boost)  
  18  0:57  Assimilator  
  18  1:03  Probe  
  19  1:16  Probe  
  20  1:27  Cybernetics Core  
  20  1:28  Probe  
  21  1:38  Pylon  
  21  1:40  Probe  
  22  1:52  Probe  
  23  1:55  Pylon  
  23  2:11  Adept (Chrono Boost)  
  24  2:16  Stargate  
  24  2:20  Probe  
  24  2:22  Warp Gate  
  25  2:39  Nexus  
  25  2:42  Probe  
  26  2:54  Probe  
  27  2:59  Pylon  
  27  3:00  Twilight Council  
  27  3:06  Adept, Probe  
  30  3:18  Probe  
  31  3:29  Resonating Glaives (Chrono Boost)  
  31  3:30  Probe  
  31  3:31  Gateway x2  
  32  3:42  Probe  
  32  3:44  Adept  
  35  3:55  Pylon  
  35  4:01  Gateway  
  36  4:02  Probe  
  36  4:04  Probe  
  37  4:15  Gateway  
  37  4:22  Probe x2  
  39  4:29  Adept x3  
  45  4:33  Pylon  
  45  4:34  Probe  
  46  4:51  Adept x3  
  52  4:55  Gateway  
  52  4:59  Adept  
  54  5:10  Stalker  
  54  5:11  Stalker x2, Pylon  
  60  5:26  Stalker x3  
  65  5:45  Adept x2  
  65  5:46  Adept  
  61  6:01  Adept x2  
  55  6:11  Stalker  
  55  6:16  Probe x2  
  52  6:28  Probe  
  52  6:29  Stalker  
  52  6:30  Stalker  
  56  6:44  Probe x2 (Chrono Boost)  
  56  6:56  Probe (Chrono Boost)  
  56  6:57  Probe (Chrono Boost)  
  56  7:00  Robotics Facility  
  58  7:02  Probe x2 (Chrono Boost)  
  60  7:11  Probe x2  
  62  7:18  Stalker  
  64  7:23  Probe x2 (Chrono Boost)  
  66  7:33  Stalker, Probe x2 (Chrono Boost)  
  66  7:36  Stalker  
  72  7:38  Probe x2 (Chrono Boost)  
  72  7:42  Sentry  
  76  7:49  Probe x2  
  76  7:55  Adept  
  78  8:01  Probe x2  
  78  8:02  Adept  
  76  8:06  Sentry  
  76  8:09  Pylon  
  76  8:11  Pylon  
  78  8:17  Pylon  
  78  8:18  Assimilator  
  78  8:22  Assimilator  
  78  8:23  Probe  
  78  8:30  Probe  
  79  8:35  Probe  
  79  8:37  Robotics Bay  
  80  8:46  Nexus  
  80  8:48  Probe  
  80  8:49  Probe  
  80  8:53  Observer (Chrono Boost)  
  83  9:01  Probe x2  
  81  9:12  Adept x3  
  81  9:13  Adept x3  
  83  9:21  Colossus (Chrono Boost)  
  83  9:30  Extended Thermal Lance (Chrono Boost)  
  89  9:39  Shield Battery  
  89  9:41  Probe  
  89  9:42  Pylon  
  89  9:43  Probe  
  89  9:44  Sentry  
  93  9:50  Pylon  
  93  9:52  Blink (Chrono Boost)  
  93  10:12  Colossus (Chrono Boost)  
  93  10:16  Pylon  
  93  10:17  Probe x2  
  93  10:18  Probe  
  102  10:22  Assimilator  
  102  10:23  Stalker  
  102  10:27  Stalker  
  104  10:31  Stalker  
  105  10:36  Stalker  
  105  10:39  Probe x2  
  105  10:40  Probe  
  110  10:46  Assimilator  
  110  10:49  Forge  
  110  10:51  Stalker  
  110  10:55  Stalker  
  112  10:58  Pylon  
  112  11:01  Colossus (Chrono Boost)  
  112  11:10  Shield Battery  
  118  11:12  Sentry  
  118  11:13  Adept  
  122  11:22  Adept x2  
  107  11:31  Stalker  
  97  11:39  Adept x2  
  90  11:44  Adept x2  
  94  11:56  Adept  
  94  12:04  Adept x3  
Show
View Real Time Build Order
Export as new Build Order

Maru Terran 

Build Orders: Liberator Opening, Reaper Expand, MMM Bio 

Get SALT Encoding   

  12  0:00  SCV  
  13  0:13  SCV  
  14  0:18  Supply Depot  
  14  0:25  SCV  
  15  0:39  SCV  
  15  0:41  Barracks  
  16  0:45  Refinery  
  16  0:52  SCV  
  17  1:04  SCV  
  18  1:16  SCV  
  19  1:30  Orbital Command, Reaper  
  20  1:43  Command Center  
  20  1:57  Supply Depot  
  20  1:59  SCV  
  21  2:02  Marine  
  22  2:11  SCV  
  22  2:12  Factory  
  23  2:17  Refinery  
  23  2:23  SCV, Barracks Reactor  
  24  2:35  SCV  
  25  2:47  SCV  
  27  2:58  Widow Mine, Starport  
  27  2:59  SCV  
  27  3:00  Orbital Command  
  27  3:02  Marine x2  
  30  3:11  SCV  
  33  3:20  Marine x2, Widow Mine  
  33  3:24  SCV  
  33  3:25  SCV  
  37  3:34  Medivac  
  37  3:36  SCV  
  37  3:37  Marine  
  37  3:38  Marine, Supply Depot  
  42  3:42  Cyclone  
  42  3:45  SCV  
  46  3:48  Supply Depot  
  46  3:49  Liberator  
  46  3:59  SCV x2, Marine x2  
  50  4:03  Barracks  
  53  4:12  SCV x2  
  55  4:17  Marine x2  
  55  4:21  Supply Depot  
  55  4:24  Cyclone  
  60  4:27  SCV  
  60  4:29  SCV  
  62  4:34  Barracks  
  62  4:36  Engineering Bay  
  62  4:42  SCV, Marine x2  
  62  4:43  SCV  
  62  4:45  Supply Depot  
  66  4:52  Barracks Tech Lab  
  66  4:54  SCV  
  66  4:55  SCV  
  66  4:57  Factory Reactor  
  66  4:58  Starport Tech Lab  
  68  5:05  Marine x2  
  68  5:07  SCV  
  71  5:08  Bunker  
  71  5:14  Marine  
  71  5:15  SCV  
  72  5:21  Marine  
  72  5:22  Banshee  
  72  5:23  Marine x2  
  71  5:31  Bunker  
  58  5:37  Marine  
  58  5:39  Marine  
  58  5:40  Orbital Command  
  52  5:51  Marine x2  
  50  5:58  Marine x2  
  50  6:02  Cyclone x2  
  50  6:07  SCV  
  50  6:09  Marine  
  45  6:11  Marine  
  45  6:16  Marine  
  42  6:27  Marine  
  42  6:30  SCV  
  42  6:32  Orbital Command  
  44  6:42  SCV, Marine  
  44  6:43  Stimpack  
  44  6:45  Marine  
  46  6:48  Supply Depot  
  42  6:58  SCV x2  
  44  7:05  Bunker  
  44  7:07  Marine x2  
  46  7:09  Marine  
  46  7:10  Siege Tank  
  46  7:15  Starport Reactor  
  50  7:17  SCV  
  50  7:22  Marine, Supply Depot  
  52  7:25  SCV  
  53  7:35  Engineering Bay  
  53  7:36  SCV  
  54  7:47  Marine x4  
  54  7:48  Marine  
  59  7:57  SCV  
  56  8:05  Marine x4  
  48  8:07  Widow Mine  
  48  8:09  Raven, Orbital Command  
  48  8:11  Marine  
  54  8:13  Terran Infantry Weapons Level 1  
  54  8:16  Supply Depot  
  54  8:23  Marine  
  54  8:24  Marine x2  
  57  8:31  Widow Mine  
  57  8:32  Widow Mine  
  61  8:37  Supply Depot  
  61  8:41  SCV, Marine x2  
  62  8:48  Combat Shields  
  61  8:52  Orbital Command  
  61  9:05  Marine  
  61  9:06  Marine x3, Medivac  
  60  9:14  Marine  
  60  9:16  SCV  
  61  9:19  Medivac  
  61  9:22  Siege Tank  
  66  9:28  Marine x2  
  68  9:35  Supply Depot  
  68  9:36  Marine x2  
  68  9:37  Marine  
  71  9:41  Medivac  
  71  9:45  SCV x2  
  75  9:51  Marine x2  
  77  9:53  Marine  
  77  9:57  Supply Depot  
  77  9:58  Marine  
  77  9:59  Supply Depot  
  80  10:05  Siege Tank  
  83  10:09  Marine x2  
  83  10:11  Marauder  
  86  10:15  Supply Depot  
  86  10:19  Marine  
  87  10:33  Marauder, Marine x3  
  87  10:34  Supply Depot  
  87  10:35  Medivac  
  94  10:36  Marine  
  94  10:42  SCV x2  
  97  10:51  Marine x2  
  99  10:58  Marine  
  77  11:36  Marine x2  
  77  11:37  Marauder  
  77  11:38  Marine  
  79  11:40  SCV  
Tags
 
Add a new tag
Caveats
  • Supply blocks, unpowered buildings, or Contaminate may cause inaccurate times.
  • Supply counts are checked every 10 seconds.